[ AOE2 MATCH · #475414112 ]
Team RMByzantines vs Britons
[ REPLAY ANALYSIS · EXTRACTED FROM THE RECORDED GAME ]
Feudal
11:52
Castle
29:32
Imperial
39:29
| APM avg | 13.3 |
| APM peak | 36 |
| eAPM avg | 9.0 |
| Villagers / military | 75 / 149 |
Focus
⚔️ 27.1% · 🌾 72.9%
Knight ×139 · Trade Cart ×6 · Spearman ×5 · Cataphract ×5
Feudal
10:21
Castle
17:04
Imperial
34:41
| APM avg | 14.8 |
| APM peak | 35 |
| eAPM avg | 10.7 |
| Villagers / military | 110 / 273 |
Focus
⚔️ 38.5% · 🌾 61.5%
Longbowman ×95 · Skirmisher ×84 · Spearman ×72 · Archer ×13 · Fishing Ship ×4 · Battering Ram ×4
Feudal
11:46
Castle
23:46
Imperial
35:48
| APM avg | 17.6 |
| APM peak | 46 |
| eAPM avg | 9.0 |
| Villagers / military | 66 / 132 |
Focus
⚔️ 43.4% · 🌾 56.6%
Knight ×115 · Militia ×8 · Trebuchet (Packed) ×4 · Scout Cavalry ×3 · Petard ×2
Feudal
12:31
Castle
27:35
Imperial
39:29
| APM avg | 23.1 |
| APM peak | 64 |
| eAPM avg | 6.4 |
| Villagers / military | 80 / 64 |
Focus
⚔️ 33.3% · 🌾 66.7%
Spearman ×35 · Militia ×12 · Fishing Ship ×10 · Trade Cart ×8 · Trebuchet (Packed) ×7 · Bombard Cannon ×5
Feudal
11:49
Castle
19:15
Imperial
32:58
| APM avg | 23.9 |
| APM peak | 80 |
| eAPM avg | 14.1 |
| Villagers / military | 93 / 209 |
Focus
⚔️ 27.7% · 🌾 72.3%
Hand Cannoneer ×189 · Bombard Cannon ×10 · Skirmisher ×8 · Trade Cart ×8 · Ghulam ×1 · Trebuchet (Packed) ×1
Feudal
12:01
Castle
27:11
Imperial
42:01
| APM avg | 11.9 |
| APM peak | 39 |
| eAPM avg | 7.0 |
| Villagers / military | 63 / 164 |
Focus
⚔️ 40.3% · 🌾 59.7%
Spearman ×120 · Hussite Wagon ×38 · Bombard Cannon ×5 · Trade Cart ×4 · Trebuchet (Packed) ×1
Feudal
12:28
Castle
20:35
Imperial
40:09
| APM avg | 10.7 |
| APM peak | 45 |
| eAPM avg | 8.2 |
| Villagers / military | 94 / 213 |
Focus
⚔️ 29.1% · 🌾 70.9%
Elephant Archer ×203 · Trade Cart ×11 · Trebuchet (Packed) ×7 · Spearman ×3
Feudal
10:52
Castle
20:24
Imperial
33:58
| APM avg | 15.5 |
| APM peak | 54 |
| eAPM avg | 9.5 |
| Villagers / military | 57 / 110 |
Focus
⚔️ 37.4% · 🌾 62.6%
Spearman ×59 · Militia ×21 · Mangonel ×16 · Woad Raider ×7 · Scorpion ×3 · Monk ×2
Match map
Initial resources + every placement click. Lines = walls · curves = elevation contours. ◆ gold · ⬟ stone · ● berries · ✦ relic · ◌ wall gap
Your base· Open — unwalled flank
~Giulia~'s base· Open — unwalled flank
zahariev.pavel's base· Open — unwalled flank
iKalakamalaka's base· Open — 8t gap
GRaFa's base· ✓ Closed at 19:15 · 38t walls · 4 gate(s)
Colin's base· Open — unwalled flank
svetoslavivanov1's base· Open — unwalled flank
Vib's base· Open — unwalled flank
Smoothed initial terrain · ◌ = detected wall gap · hover for details
Inputs per minute
— Lukrat - - ~Giulia~
Build order — Lukrat
First 150 of 313 actions detected
| 0:12 | Build | House |
| 0:13 | Build | House |
| 0:14 | Build | House |
| 0:15 | Build | House |
| 0:18 | Create | Villager (Male) ×4 |
| 0:18 | Research | Loom |
| 1:13 | Build | House |
| 2:56 | Create | Villager (Male) |
| 2:57 | Create | Villager (Male) |
| 4:15 | Create | Villager (Male) |
| 4:18 | Create | Villager (Male) |
| 4:43 | Create | Villager (Male) |
| 4:43 | Create | Villager (Male) |
| 5:25 | Create | Villager (Male) |
| 5:25 | Create | Villager (Male) |
| 5:25 | Create | Villager (Male) |
| 6:01 | Create | Villager (Male) |
| 6:01 | Create | Villager (Male) |
| 6:02 | Create | Villager (Male) |
| 8:17 | Build | Lumber Camp |
| 8:28 | Create | Villager (Male) |
| 8:28 | Create | Villager (Male) |
| 8:43 | Build | Mill |
| 9:27 | Build | Mining Camp |
| 9:42 | Research | Feudal Age |
| 10:03 | Build | House |
| 10:42 | Build | House |
| 11:18 | Build | House |
| 11:52 | Age | Feudal Age |
| 11:54 | Research | Wheelbarrow |
| 11:58 | Research | Double-Bit Axe |
| 12:01 | Create | Villager (Male) |
| 12:01 | Create | Villager (Male) |
| 12:12 | Build | Stone Wall |
| 12:53 | Research | Horse Collar |
| 12:56 | Create | Villager (Male) |
| 13:21 | Create | Villager (Male) |
| 14:02 | Create | Villager (Male) |
| 14:25 | Build | Stone Wall |
| 16:32 | Create | Villager (Male) |
| 16:32 | Create | Villager (Male) |
| 16:32 | Create | Villager (Male) |
| 16:32 | Create | Villager (Male) |
| 16:33 | Create | Villager (Male) |
| 16:33 | Create | Villager (Male) |
| 17:39 | Build | Mining Camp |
| 18:36 | Build | House |
| 19:12 | Build | Blacksmith |
| 19:16 | Build | Farm |
| 19:16 | Build | Farm |
| 19:16 | Build | Farm |
| 19:17 | Build | Farm |
| 19:17 | Build | Farm |
| 19:18 | Build | Farm |
| 19:19 | Build | Farm |
| 19:19 | Build | Farm |
| 19:20 | Build | Farm |
| 19:21 | Build | Farm |
| 19:22 | Build | Farm |
| 19:23 | Build | Farm |
| 19:23 | Build | Farm |
| 19:24 | Build | Farm |
| 19:25 | Build | Farm |
| 19:56 | Build | Watch Tower |
| 20:08 | Build | Barracks |
| 20:31 | Create | Villager (Male) |
| 20:31 | Create | Villager (Male) |
| 20:31 | Create | Villager (Male) |
| 20:31 | Create | Villager (Male) |
| 20:35 | Research | Fletching |
| 20:40 | Research | Stone Mining |
| 20:41 | Research | Gold Mining |
| 21:43 | Build | Watch Tower |
| 23:04 | Create | Villager (Male) |
| 23:05 | Create | Villager (Male) |
| 23:05 | Create | Villager (Male) |
| 23:05 | Create | Villager (Male) |
| 23:06 | Create | Villager (Male) |
| 23:11 | Create | Villager (Male) |
| 23:11 | Create | Villager (Male) |
| 23:11 | Create | Villager (Male) |
| 23:12 | Create | Villager (Male) |
| 23:28 | Create | Spearman |
| 23:28 | Create | Spearman |
| 23:28 | Create | Spearman |
| 23:28 | Create | Spearman |
| 23:29 | Create | Spearman |
| 24:10 | Build | Archery Range |
| 24:36 | Build | Watch Tower |
| 24:59 | Build | House |
| 25:03 | Build | House |
| 25:07 | Build | House |
| 26:10 | Research | Castle Age |
| 27:25 | Build | House |
| 27:27 | Build | House |
| 27:28 | Build | House |
| 27:30 | Build | House |
| 27:31 | Build | House |
| 28:49 | Research | Arson |
| 28:52 | Research | Padded Archer Armor |
| 29:04 | Research | Forging |
| 29:05 | Research | Scale Barding Armor |
| 29:17 | Build | Stable |
| 29:23 | Build | Stable |
| 29:24 | Build | Stable |
| 29:27 | Build | Stable |
| 29:32 | Age | Castle Age |
| 29:35 | Build | Stable |
| 29:39 | Build | Stable |
| 29:41 | Build | Stable |
| 29:45 | Research | Hand Cart |
| 29:48 | Research | Heavy Plow |
| 29:50 | Research | Bow Saw |
| 30:01 | Research | Bodkin Arrow |
| 30:17 | Build | Town Center |
| 30:31 | Research | Husbandry |
| 31:04 | Build | Market |
| 31:11 | Build | University |
| 31:24 | Create | Villager (Male) |
| 31:24 | Create | Villager (Male) |
| 31:24 | Create | Villager (Male) |
| 31:25 | Create | Villager (Male) |
| 31:26 | Create | Villager (Male) |
| 31:26 | Create | Villager (Male) |
| 31:26 | Create | Villager (Male) |
| 31:26 | Create | Villager (Male) |
| 31:26 | Create | Villager (Male) |
| 31:28 | Create | Villager (Male) |
| 32:12 | Build | Farm |
| 32:32 | Build | Farm |
| 32:36 | Research | Fortified Wall (upgrade) |
| 32:37 | Research | Murder Holes |
| 32:47 | Build | Farm |
| 33:25 | Build | Farm |
| 33:39 | Build | Castle |
| 33:58 | Build | Farm |
| 34:06 | Build | Farm |
| 34:09 | Research | Stone Shaft Mining |
| 34:39 | Build | Watch Tower |
| 34:46 | Build | Watch Tower |
| 35:05 | Build | Lumber Camp |
| 35:17 | Build | Farm |
| 35:22 | Build | Farm |
| 35:26 | Build | Farm |
| 35:53 | Build | Farm |
| 36:15 | Build | Town Center |
| 36:19 | Research | Imperial Age |
| 36:34 | Build | Farm |
| 36:37 | Research | Gold Shaft Mining |
| 36:42 | Research | Chain Barding Armor |
Build order — ~Giulia~
First 150 of 365 actions detected
| 0:05 | Build | House |
| 0:07 | Build | House |
| 0:07 | Create | Villager (Male) ×4 |
| 0:08 | Research | Loom |
| 0:42 | Build | House |
| 1:35 | Create | Villager (Male) |
| 1:35 | Create | Villager (Male) |
| 2:23 | Create | Villager (Male) |
| 2:23 | Create | Villager (Male) |
| 2:43 | Create | Villager (Male) |
| 2:44 | Create | Villager (Male) |
| 2:59 | Create | Villager (Male) |
| 3:10 | Build | Mill |
| 3:13 | Create | Villager (Male) |
| 3:38 | Create | Villager (Male) |
| 4:09 | Create | Villager (Male) |
| 4:37 | Create | Villager (Male) |
| 4:48 | Create | Villager (Male) |
| 4:49 | Create | Villager (Male) |
| 4:49 | Create | Villager (Male) |
| 5:03 | Build | House |
| 5:07 | Build | Lumber Camp |
| 6:31 | Create | Villager (Male) |
| 6:31 | Create | Villager (Male) |
| 7:14 | Create | Villager (Male) |
| 7:15 | Create | Villager (Male) |
| 7:50 | Build | House |
| 7:53 | Build | Mining Camp |
| 8:08 | Research | Feudal Age |
| 8:33 | Build | Barracks |
| 9:46 | Create | Villager (Male) |
| 9:47 | Create | Villager (Male) |
| 9:47 | Create | Villager (Male) |
| 9:48 | Create | Villager (Male) |
| 10:21 | Age | Feudal Age |
| 10:26 | Research | Town Watch |
| 10:29 | Create | Villager (Male) |
| 10:29 | Create | Villager (Male) |
| 10:56 | Create | Villager (Male) |
| 11:39 | Research | Wheelbarrow |
| 12:10 | Build | Archery Range |
| 12:57 | Build | House |
| 13:09 | Build | Blacksmith |
| 13:28 | Build | House |
| 13:37 | Build | Mining Camp |
| 14:24 | Research | Castle Age |
| 14:59 | Create | Archer ×2 |
| 15:10 | Create | Skirmisher |
| 15:10 | Create | Skirmisher |
| 15:53 | Create | Archer |
| 16:54 | Create | Villager (Male) ×5 |
| 17:04 | Age | Castle Age |
| 17:07 | Research | Double-Bit Axe |
| 17:12 | Research | Horse Collar |
| 17:48 | Research | Crossbowman (upgrade) |
| 17:58 | Build | House |
| 18:06 | Build | House |
| 18:28 | Research | Fletching |
| 18:31 | Create | Skirmisher |
| 18:43 | Create | Villager (Male) |
| 18:43 | Create | Villager (Male) |
| 19:39 | Create | Villager (Male) |
| 19:40 | Create | Villager (Male) |
| 19:45 | Create | Archer |
| 20:36 | Build | Farm |
| 20:53 | Build | Farm |
| 21:08 | Research | Elite Skirmisher (upgrade) |
| 21:11 | Create | Villager (Male) |
| 21:11 | Create | Villager (Male) |
| 21:12 | Create | Villager (Male) |
| 21:12 | Create | Villager (Male) |
| 21:29 | Build | Town Center |
| 21:38 | Build | House |
| 22:07 | Build | Farm |
| 22:32 | Create | Villager (Male) |
| 22:47 | Create | Villager (Male) |
| 22:48 | Create | Villager (Male) |
| 22:48 | Create | Villager (Male) |
| 22:54 | Create | Villager (Male) |
| 22:57 | Build | House |
| 23:00 | Build | Monastery |
| 23:04 | Build | University |
| 23:26 | Research | Hand Cart |
| 23:41 | Create | Villager (Male) |
| 23:42 | Create | Villager (Male) |
| 24:04 | Create | Monk |
| 24:27 | Create | Villager (Male) |
| 24:27 | Create | Villager (Male) |
| 25:06 | Build | Farm |
| 25:08 | Build | Farm |
| 25:09 | Build | Farm |
| 25:17 | Build | Farm |
| 25:24 | Create | Archer |
| 25:24 | Create | Skirmisher |
| 25:33 | Build | Farm |
| 25:38 | Research | Gold Mining |
| 26:08 | Create | Villager (Male) |
| 26:08 | Create | Villager (Male) |
| 26:08 | Create | Villager (Male) |
| 26:42 | Build | Farm |
| 26:58 | Build | Lumber Camp |
| 27:23 | Build | Archery Range |
| 27:28 | Build | Siege Workshop |
| 27:38 | Research | Ballistics |
| 27:45 | Research | Padded Archer Armor |
| 27:46 | Research | Bodkin Arrow |
| 27:49 | Create | Villager (Male) |
| 27:49 | Create | Villager (Male) |
| 27:49 | Create | Villager (Male) |
| 27:56 | Create | Villager (Male) |
| 28:15 | Create | Villager (Male) |
| 28:19 | Build | Farm |
| 28:22 | Create | Villager (Male) |
| 28:22 | Create | Villager (Male) |
| 28:22 | Create | Villager (Male) |
| 28:48 | Build | Mill |
| 28:50 | Create | Archer |
| 28:51 | Create | Archer |
| 28:51 | Create | Skirmisher |
| 28:51 | Create | Skirmisher |
| 28:56 | Create | Battering Ram |
| 28:56 | Create | Battering Ram |
| 29:07 | Build | House |
| 29:08 | Build | House |
| 29:09 | Build | House |
| 29:14 | Build | Farm |
| 29:17 | Build | Farm |
| 29:21 | Build | House |
| 30:16 | Build | House |
| 30:22 | Build | Farm |
| 30:26 | Build | Farm |
| 30:35 | Build | Market |
| 30:54 | Build | Farm |
| 30:57 | Build | Farm |
| 30:58 | Build | Farm |
| 30:59 | Build | Farm |
| 31:01 | Build | Farm |
| 31:14 | Create | Archer |
| 31:15 | Create | Skirmisher |
| 31:27 | Build | Farm |
| 31:31 | Research | Imperial Age |
| 31:47 | Research | Leather Archer Armor |
| 31:52 | Research | Treadmill Crane |
| 32:20 | Research | Murder Holes |
| 32:31 | Create | Villager (Male) |
| 32:31 | Create | Villager (Male) |
| 32:46 | Create | Archer |
| 32:46 | Create | Skirmisher |
| 32:53 | Research | Masonry |
| 33:11 | Create | Villager (Male) |
Build order — zahariev.pavel
First 150 of 328 actions detected
| 0:02 | Create | Villager (Male) |
| 0:03 | Create | Villager (Male) |
| 0:10 | Build | House |
| 0:38 | Build | House |
| 0:51 | Create | Villager (Male) |
| 0:53 | Create | Villager (Male) |
| 1:40 | Create | Villager (Male) |
| 2:33 | Create | Villager (Male) |
| 3:08 | Build | Mill |
| 3:14 | Create | Villager (Male) |
| 3:40 | Create | Villager (Male) |
| 4:32 | Create | Villager (Male) |
| 4:32 | Create | Villager (Male) |
| 4:51 | Build | Lumber Camp |
| 5:08 | Create | Villager (Male) |
| 5:08 | Create | Villager (Male) |
| 5:58 | Create | Villager (Male) |
| 6:40 | Create | Villager (Male) |
| 6:40 | Create | Villager (Male) |
| 6:53 | Research | Loom |
| 7:39 | Build | Mining Camp |
| 8:27 | Create | Villager (Male) |
| 9:05 | Build | House |
| 9:06 | Build | House |
| 9:08 | Build | House |
| 9:36 | Research | Feudal Age |
| 10:58 | Build | Barracks |
| 11:45 | Create | Villager (Male) |
| 11:46 | Age | Feudal Age |
| 11:46 | Create | Villager (Male) |
| 11:46 | Create | Villager (Male) |
| 11:57 | Research | Double-Bit Axe |
| 12:03 | Research | Gold Mining |
| 12:29 | Create | Villager (Male) |
| 12:29 | Create | Villager (Male) |
| 12:58 | Build | Stone Wall |
| 13:15 | Create | Militia |
| 13:16 | Create | Militia |
| 13:18 | Create | Villager (Male) |
| 13:19 | Create | Villager (Male) |
| 14:13 | Build | Farm |
| 14:18 | Build | Farm |
| 14:20 | Build | Farm |
| 14:22 | Research | Horse Collar |
| 14:24 | Build | Farm |
| 14:27 | Build | Farm |
| 14:32 | Create | Villager (Male) |
| 14:33 | Create | Villager (Male) |
| 15:11 | Build | Gate |
| 15:19 | Create | Villager (Male) |
| 15:41 | Build | Stone Wall |
| 16:04 | Build | Mill |
| 16:19 | Research | Wheelbarrow |
| 16:27 | Build | Farm |
| 17:14 | Build | Farm |
| 17:16 | Build | Farm |
| 17:43 | Build | Farm |
| 17:46 | Build | Farm |
| 17:48 | Build | Farm |
| 17:50 | Create | Villager (Male) |
| 17:50 | Create | Villager (Male) |
| 17:50 | Create | Villager (Male) |
| 17:51 | Create | Villager (Male) |
| 18:47 | Build | Blacksmith |
| 18:54 | Build | Gate |
| 19:14 | Build | Stone Wall |
| 19:32 | Build | Market |
| 19:37 | Build | Farm |
| 19:45 | Build | Stable |
| 19:55 | Create | Villager (Male) |
| 19:55 | Create | Villager (Male) |
| 20:39 | Build | Farm |
| 20:57 | Research | Man-at-Arms (upgrade) |
| 21:07 | Research | Castle Age |
| 21:09 | Create | Scout Cavalry |
| 21:09 | Create | Scout Cavalry |
| 21:21 | Build | Farm |
| 21:31 | Build | Gate |
| 21:41 | Build | Mining Camp |
| 22:53 | Build | Stable |
| 23:29 | Create | Militia |
| 23:29 | Create | Militia |
| 23:30 | Create | Militia |
| 23:30 | Create | Militia |
| 23:42 | Build | Farm |
| 23:45 | Build | Farm |
| 23:46 | Age | Castle Age |
| 23:48 | Build | Farm |
| 23:54 | Create | Militia |
| 23:55 | Create | Militia |
| 23:57 | Research | Forging |
| 23:59 | Research | Scale Mail Armor |
| 24:02 | Create | Knight |
| 24:02 | Create | Knight |
| 24:02 | Create | Knight |
| 24:03 | Create | Knight |
| 24:03 | Create | Knight |
| 24:40 | Build | House |
| 24:42 | Build | House |
| 25:35 | Build | Farm |
| 25:38 | Create | Villager (Male) |
| 25:38 | Create | Villager (Male) |
| 25:38 | Create | Villager (Male) |
| 26:12 | Create | Villager (Male) |
| 26:17 | Research | Bow Saw |
| 26:54 | Build | Mining Camp |
| 27:18 | Create | Knight |
| 27:18 | Create | Knight |
| 27:18 | Create | Knight |
| 27:47 | Build | Castle |
| 28:14 | Create | Villager (Male) |
| 28:14 | Create | Villager (Male) |
| 28:15 | Create | Villager (Male) |
| 28:15 | Create | Villager (Male) |
| 28:15 | Create | Villager (Male) |
| 28:26 | Research | Scale Barding Armor |
| 28:27 | Research | Chain Mail Armor |
| 28:36 | Build | House |
| 28:37 | Build | House |
| 28:38 | Build | House |
| 28:40 | Build | House |
| 28:43 | Research | Caravan |
| 28:55 | Build | Farm |
| 29:31 | Build | Mining Camp |
| 30:41 | Research | Heavy Plow |
| 30:52 | Create | Villager (Male) |
| 30:52 | Create | Villager (Male) |
| 30:53 | Create | Villager (Male) |
| 30:53 | Create | Villager (Male) |
| 31:00 | Build | Farm |
| 32:38 | Research | Imperial Age |
| 33:24 | Build | Town Center |
| 33:32 | Research | Stone Mining |
| 33:35 | Research | Iron Casting |
| 33:36 | Research | Fletching |
| 33:55 | Research | Szlachta Privileges |
| 34:29 | Research | Long Swordsman (upgrade) |
| 34:34 | Research | Bloodlines |
| 34:36 | Research | Husbandry |
| 34:41 | Create | Scout Cavalry |
| 34:44 | Create | Knight |
| 34:44 | Create | Knight |
| 34:44 | Create | Knight |
| 34:45 | Create | Knight |
| 34:45 | Create | Knight |
| 35:03 | Build | Farm |
| 35:12 | Create | Villager (Male) |
| 35:12 | Create | Villager (Male) |
| 35:12 | Create | Villager (Male) |
| 35:13 | Create | Villager (Male) |
Build order — iKalakamalaka
First 150 of 217 actions detected
| 0:09 | Create | Villager (Male) ×4 |
| 0:13 | Build | House |
| 0:14 | Build | House |
| 1:42 | Create | Villager (Male) |
| 2:55 | Build | Lumber Camp |
| 3:02 | Create | Villager (Male) |
| 3:02 | Create | Villager (Male) |
| 3:40 | Create | Villager (Male) |
| 3:41 | Create | Villager (Male) |
| 3:41 | Create | Villager (Male) |
| 4:03 | Build | House |
| 4:30 | Create | Villager (Male) |
| 4:30 | Create | Villager (Male) |
| 6:19 | Create | Villager (Male) |
| 6:20 | Create | Villager (Male) |
| 6:20 | Create | Villager (Male) |
| 6:20 | Create | Villager (Male) |
| 6:59 | Build | Mill |
| 7:04 | Build | House |
| 7:46 | Create | Villager (Male) |
| 7:46 | Create | Villager (Male) |
| 7:46 | Create | Villager (Male) |
| 8:46 | Create | Villager (Male) |
| 8:47 | Create | Villager (Male) |
| 8:47 | Create | Villager (Male) |
| 8:59 | Build | House |
| 9:00 | Build | House |
| 9:03 | Build | House |
| 10:10 | Research | Feudal Age |
| 10:25 | Build | House |
| 10:30 | Build | Barracks |
| 10:42 | Build | House |
| 12:01 | Create | Militia |
| 12:02 | Create | Militia |
| 12:03 | Create | Militia |
| 12:08 | Create | Villager (Male) |
| 12:31 | Age | Feudal Age |
| 12:58 | Build | Mining Camp |
| 13:55 | Create | Villager (Male) |
| 13:55 | Create | Villager (Male) |
| 13:55 | Create | Villager (Male) |
| 13:57 | Research | Wheelbarrow |
| 14:49 | Build | Farm |
| 14:54 | Research | Loom |
| 14:55 | Research | Town Watch |
| 16:07 | Build | Stable |
| 16:18 | Build | Farm |
| 16:20 | Create | Villager (Male) |
| 16:20 | Create | Villager (Male) |
| 16:21 | Create | Villager (Male) |
| 17:39 | Research | Bloodlines |
| 17:40 | Create | Scout Cavalry |
| 17:47 | Research | Bloodlines |
| 17:57 | Build | Farm |
| 18:10 | Build | Farm |
| 18:13 | Create | Villager (Male) |
| 18:13 | Create | Villager (Male) |
| 18:13 | Create | Villager (Male) |
| 18:56 | Create | Scout Cavalry |
| 19:05 | Research | Arson |
| 19:19 | Build | Farm |
| 19:21 | Build | Farm |
| 19:23 | Build | Farm |
| 19:25 | Build | Farm |
| 19:31 | Build | Farm |
| 19:32 | Build | Farm |
| 19:33 | Build | Farm |
| 19:56 | Create | Scout Cavalry |
| 19:57 | Create | Scout Cavalry |
| 21:32 | Create | Villager (Male) ×5 |
| 21:40 | Build | Blacksmith |
| 21:52 | Build | Market |
| 22:05 | Build | Lumber Camp |
| 22:32 | Build | Farm |
| 22:35 | Build | Farm |
| 22:35 | Build | Farm |
| 22:38 | Build | Farm |
| 24:08 | Build | Farm |
| 24:21 | Build | Mining Camp |
| 24:49 | Research | Double-Bit Axe |
| 24:55 | Research | Castle Age |
| 25:37 | Research | Horse Collar |
| 25:52 | Build | Farm |
| 26:01 | Research | Forging |
| 26:03 | Research | Scale Barding Armor |
| 26:09 | Research | Man-at-Arms (upgrade) |
| 27:23 | Create | Militia ×5 |
| 27:24 | Create | Militia ×4 |
| 27:35 | Age | Castle Age |
| 27:57 | Research | Squires |
| 27:57 | Research | Gambesons |
| 28:10 | Build | Town Center |
| 28:40 | Research | Long Swordsman (upgrade) |
| 28:54 | Build | Siege Workshop |
| 29:17 | Research | Hand Cart |
| 30:06 | Research | Caravan |
| 30:08 | Create | Trade Cart |
| 30:08 | Create | Trade Cart |
| 30:09 | Create | Trade Cart |
| 30:16 | Research | Heavy Plow |
| 30:41 | Research | Bow Saw |
| 31:03 | Create | Villager (Male) |
| 31:03 | Create | Villager (Male) |
| 31:03 | Create | Villager (Male) |
| 31:03 | Create | Villager (Male) |
| 31:04 | Create | Villager (Male) |
| 31:04 | Create | Villager (Male) |
| 31:04 | Create | Villager (Male) |
| 31:09 | Create | Villager (Male) ×5 |
| 31:09 | Create | Villager (Male) ×5 |
| 31:10 | Create | Villager (Male) ×5 |
| 31:10 | Create | Villager (Male) ×2 |
| 31:18 | Build | University |
| 31:29 | Build | Monastery |
| 31:33 | Research | Gold Mining |
| 31:40 | Build | House |
| 31:43 | Build | House |
| 31:48 | Build | House |
| 31:56 | Build | House |
| 32:06 | Build | House |
| 32:15 | Build | House |
| 32:20 | Build | House |
| 32:28 | Research | Iron Casting |
| 32:33 | Research | Ballistics |
| 32:52 | Create | Villager (Male) |
| 32:52 | Create | Villager (Male) |
| 32:56 | Create | Villager (Male) |
| 32:56 | Create | Villager (Male) |
| 32:56 | Create | Villager (Male) |
| 33:23 | Build | Gate |
| 33:29 | Build | Stone Wall |
| 33:34 | Build | Stone Wall |
| 33:48 | Build | Gate |
| 33:53 | Build | Stone Wall |
| 34:12 | Build | Lumber Camp |
| 34:45 | Create | Scorpion |
| 36:03 | Research | Imperial Age |
| 36:06 | Create | Villager (Male) |
| 36:07 | Create | Villager (Male) |
| 37:33 | Build | Castle |
| 38:25 | Research | Fortified Wall (upgrade) |
| 38:26 | Research | Masonry |
| 39:05 | Build | Lumber Camp |
| 39:13 | Research | Pikeman (upgrade) |
| 39:14 | Create | Spearman ×5 |
| 39:15 | Create | Spearman ×5 |
| 39:29 | Age | Imperial Age |
| 39:45 | Create | Trebuchet (Packed) |
| 39:46 | Create | Trebuchet (Packed) |
| 39:59 | Create | Villager (Male) ×5 |
Build order — GRaFa
First 150 of 342 actions detected
| 0:02 | Build | House |
| 0:04 | Build | House |
| 0:04 | Create | Villager (Male) |
| 0:05 | Create | Villager (Male) |
| 0:05 | Create | Villager (Male) |
| 0:05 | Create | Villager (Male) |
| 0:06 | Create | Villager (Male) |
| 1:10 | Create | Villager (Male) |
| 1:48 | Create | Villager (Male) |
| 1:57 | Build | Lumber Camp |
| 2:15 | Create | Villager (Male) |
| 2:36 | Create | Villager (Male) |
| 3:03 | Create | Villager (Male) |
| 3:09 | Create | Villager (Male) |
| 3:52 | Build | House |
| 3:55 | Build | Mill |
| 3:56 | Create | Villager (Male) |
| 4:29 | Build | Palisade Gate |
| 4:39 | Build | Palisade Wall |
| 4:45 | Build | Palisade Wall |
| 4:47 | Build | Palisade Wall |
| 6:22 | Create | Villager (Male) |
| 6:22 | Create | Villager (Male) |
| 6:51 | Create | Villager (Male) |
| 7:17 | Create | Villager (Male) |
| 7:22 | Build | House |
| 7:30 | Build | Palisade Gate |
| 7:53 | Create | Villager (Male) |
| 8:08 | Build | Barracks |
| 8:40 | Create | Villager (Male) |
| 8:47 | Build | House |
| 8:53 | Create | Villager (Male) |
| 9:14 | Research | Loom |
| 9:25 | Research | Feudal Age |
| 9:38 | Build | Palisade Wall |
| 9:44 | Create | Villager (Male) |
| 10:18 | Build | Mill |
| 11:06 | Create | Villager (Male) |
| 11:30 | Build | House |
| 11:49 | Age | Feudal Age |
| 11:51 | Research | Double-Bit Axe |
| 12:04 | Build | Mill |
| 12:11 | Create | Villager (Male) |
| 12:27 | Build | Blacksmith |
| 12:41 | Build | Market |
| 13:37 | Create | Villager (Male) |
| 14:19 | Create | Villager (Male) |
| 14:33 | Create | Villager (Male) |
| 14:37 | Build | Mining Camp |
| 14:41 | Create | Villager (Male) |
| 15:24 | Create | Villager (Male) |
| 15:40 | Build | Archery Range |
| 15:44 | Build | Stable |
| 16:35 | Research | Castle Age |
| 16:44 | Research | Horse Collar |
| 16:55 | Build | Mining Camp |
| 17:04 | Build | Palisade Gate |
| 17:25 | Create | Skirmisher |
| 17:26 | Create | Skirmisher |
| 17:28 | Create | Skirmisher |
| 17:37 | Research | Stone Mining |
| 18:26 | Create | Skirmisher |
| 18:33 | Build | House |
| 18:35 | Build | House |
| 18:44 | Build | Gate |
| 18:52 | Build | Stone Wall |
| 18:59 | Create | Villager (Male) |
| 19:02 | Research | Wheelbarrow |
| 19:15 | Age | Castle Age |
| 19:30 | Create | Villager (Male) |
| 19:41 | Build | Town Center |
| 19:44 | Create | Villager (Male) |
| 20:06 | Create | Skirmisher |
| 20:55 | Build | Stone Wall |
| 21:08 | Create | Villager (Male) |
| 21:13 | Build | Farm |
| 21:20 | Create | Villager (Male) |
| 21:37 | Build | Town Center |
| 21:41 | Create | Villager (Male) |
| 21:52 | Create | Villager (Male) |
| 22:08 | Research | Gold Mining |
| 22:10 | Create | Villager (Male) |
| 22:16 | Build | Farm |
| 22:50 | Build | Farm |
| 23:34 | Create | Villager (Male) |
| 23:34 | Create | Villager (Male) |
| 23:45 | Create | Villager (Male) |
| 23:51 | Build | Mining Camp |
| 23:52 | Create | Villager (Male) |
| 23:56 | Build | Farm |
| 23:57 | Create | Villager (Male) |
| 23:58 | Create | Villager (Male) |
| 24:01 | Create | Villager (Male) |
| 24:05 | Build | Farm |
| 24:13 | Build | Farm |
| 24:15 | Create | Villager (Male) |
| 24:18 | Create | Villager (Male) |
| 24:28 | Create | Trade Cart |
| 24:32 | Build | Farm |
| 24:39 | Create | Villager (Male) |
| 24:53 | Build | Farm |
| 25:06 | Build | Castle |
| 25:17 | Create | Skirmisher |
| 25:18 | Create | Skirmisher |
| 25:21 | Create | Skirmisher |
| 25:32 | Build | House |
| 25:38 | Build | House |
| 25:39 | Build | House |
| 25:41 | Build | House |
| 25:43 | Build | Farm |
| 25:44 | Create | Villager (Male) |
| 25:45 | Create | Villager (Male) |
| 26:00 | Create | Villager (Male) |
| 26:03 | Create | Trade Cart |
| 26:16 | Build | Farm |
| 26:17 | Create | Villager (Male) |
| 26:18 | Create | Villager (Male) |
| 26:26 | Build | Farm |
| 26:28 | Create | Villager (Male) |
| 26:42 | Create | Villager (Male) |
| 26:49 | Build | Farm |
| 26:50 | Create | Villager (Male) |
| 26:56 | Build | Farm |
| 27:02 | Build | Farm |
| 27:03 | Build | Farm |
| 27:06 | Create | Villager (Male) |
| 27:40 | Build | Gate |
| 27:44 | Build | Gate |
| 27:47 | Build | Gate |
| 27:53 | Build | Stone Wall |
| 27:55 | Create | Villager (Male) |
| 27:55 | Create | Villager (Male) |
| 28:04 | Build | Farm |
| 28:05 | Create | Villager (Male) |
| 28:05 | Create | Villager (Male) |
| 28:06 | Create | Villager (Male) |
| 28:12 | Create | Villager (Male) |
| 28:20 | Create | Trade Cart |
| 28:21 | Create | Trade Cart |
| 28:32 | Build | Stone Wall |
| 28:41 | Build | Town Center |
| 28:44 | Create | Villager (Male) |
| 28:45 | Create | Villager (Male) |
| 28:59 | Build | Farm |
| 29:05 | Build | Farm |
| 29:10 | Build | Farm |
| 29:35 | Build | House |
| 29:36 | Build | House |
| 29:38 | Build | House |
| 29:40 | Build | House |
Build order — Colin
First 150 of 283 actions detected
| 0:04 | Create | Villager (Male) |
| 0:04 | Create | Villager (Male) |
| 0:04 | Create | Villager (Male) |
| 0:05 | Create | Villager (Male) |
| 0:06 | Research | Loom |
| 0:16 | Build | House |
| 0:19 | Build | House |
| 1:28 | Build | Lumber Camp |
| 1:36 | Create | Villager (Male) |
| 2:17 | Create | Villager (Male) |
| 2:35 | Create | Villager (Male) |
| 3:58 | Create | Villager (Male) |
| 5:16 | Build | Mill |
| 5:21 | Create | Villager (Male) |
| 5:21 | Create | Villager (Male) |
| 5:22 | Create | Villager (Male) |
| 5:22 | Create | Villager (Male) |
| 5:58 | Create | Villager (Male) |
| 5:58 | Create | Villager (Male) |
| 5:58 | Create | Villager (Male) |
| 6:44 | Build | Mill |
| 7:13 | Build | House |
| 8:18 | Build | House |
| 8:19 | Build | House |
| 8:21 | Build | House |
| 8:22 | Build | House |
| 9:51 | Research | Feudal Age |
| 10:10 | Build | Mining Camp |
| 10:20 | Build | Mining Camp |
| 10:39 | Build | House |
| 10:40 | Build | House |
| 10:41 | Build | House |
| 11:00 | Create | Villager (Male) |
| 11:00 | Create | Villager (Male) |
| 11:54 | Build | Lumber Camp |
| 12:01 | Age | Feudal Age |
| 12:21 | Create | Villager (Male) |
| 12:21 | Create | Villager (Male) |
| 12:22 | Research | Wheelbarrow |
| 12:52 | Create | Villager (Male) |
| 12:52 | Create | Villager (Male) |
| 12:53 | Create | Villager (Male) |
| 13:05 | Research | Double-Bit Axe |
| 14:13 | Build | Barracks |
| 14:19 | Build | House |
| 14:20 | Build | House |
| 14:27 | Build | Stone Wall |
| 14:41 | Create | Villager (Male) |
| 14:41 | Create | Villager (Male) |
| 14:42 | Create | Villager (Male) |
| 14:51 | Build | Lumber Camp |
| 15:14 | Build | Blacksmith |
| 16:23 | Build | Farm |
| 16:24 | Build | Farm |
| 16:25 | Build | Farm |
| 16:29 | Research | Horse Collar |
| 17:14 | Build | Market |
| 17:27 | Create | Spearman |
| 17:27 | Create | Spearman |
| 17:28 | Create | Spearman |
| 17:28 | Create | Spearman |
| 17:28 | Create | Spearman |
| 17:29 | Research | Arson |
| 17:43 | Build | House |
| 17:44 | Build | House |
| 17:45 | Build | House |
| 17:53 | Build | House |
| 18:22 | Build | House |
| 18:23 | Build | House |
| 18:25 | Build | House |
| 18:26 | Build | House |
| 18:29 | Build | House |
| 18:30 | Build | House |
| 18:31 | Build | House |
| 18:34 | Build | House |
| 18:48 | Create | Villager (Male) |
| 18:48 | Create | Villager (Male) |
| 18:48 | Create | Villager (Male) |
| 18:49 | Create | Villager (Male) |
| 18:49 | Create | Villager (Male) |
| 19:44 | Build | Farm |
| 20:30 | Create | Spearman |
| 20:30 | Create | Spearman |
| 20:31 | Create | Spearman |
| 20:31 | Create | Spearman |
| 20:31 | Create | Spearman |
| 20:47 | Build | House |
| 20:49 | Build | House |
| 20:59 | Build | House |
| 21:15 | Build | Farm |
| 21:33 | Build | Lumber Camp |
| 21:44 | Build | Farm |
| 21:46 | Create | Villager (Male) |
| 21:46 | Create | Villager (Male) |
| 21:46 | Create | Villager (Male) |
| 21:47 | Create | Villager (Male) |
| 23:04 | Build | House |
| 23:06 | Build | House |
| 23:07 | Build | House |
| 23:09 | Build | House |
| 24:21 | Build | Farm |
| 24:31 | Research | Castle Age |
| 25:31 | Build | Barracks |
| 25:33 | Build | Barracks |
| 25:42 | Build | House |
| 25:44 | Build | House |
| 25:46 | Build | House |
| 25:47 | Build | House |
| 25:49 | Build | House |
| 26:00 | Research | Forging |
| 26:03 | Research | Scale Mail Armor |
| 26:10 | Create | Spearman |
| 26:10 | Create | Spearman |
| 26:10 | Create | Spearman |
| 26:11 | Create | Spearman |
| 26:11 | Create | Spearman |
| 26:27 | Build | Farm |
| 26:28 | Build | Farm |
| 26:30 | Build | Farm |
| 26:31 | Build | Farm |
| 26:51 | Build | Mining Camp |
| 27:11 | Age | Castle Age |
| 27:22 | Research | Pikeman (upgrade) |
| 27:31 | Create | Spearman |
| 27:31 | Create | Spearman |
| 27:43 | Build | Town Center |
| 28:02 | Build | Town Center |
| 28:49 | Research | Squires |
| 28:50 | Create | Spearman |
| 28:50 | Create | Spearman |
| 28:50 | Create | Spearman |
| 28:51 | Create | Spearman |
| 29:01 | Build | Castle |
| 29:48 | Build | Mining Camp |
| 30:06 | Create | Villager (Male) |
| 30:06 | Create | Villager (Male) |
| 30:06 | Create | Villager (Male) |
| 30:07 | Create | Villager (Male) |
| 30:07 | Create | Villager (Male) |
| 30:20 | Create | Villager (Male) |
| 30:20 | Create | Villager (Male) |
| 30:20 | Create | Villager (Male) |
| 30:53 | Create | Villager (Male) |
| 30:54 | Create | Villager (Male) |
| 31:10 | Build | Farm |
| 31:17 | Create | Villager (Male) |
| 31:18 | Create | Villager (Male) |
| 31:27 | Create | Villager (Male) |
| 31:35 | Build | Farm |
| 31:39 | Build | Farm |
Build order — svetoslavivanov1
First 150 of 322 actions detected
| 0:25 | Build | House |
| 0:27 | Build | House |
| 0:40 | Create | Villager (Male) |
| 0:40 | Create | Villager (Male) |
| 0:41 | Create | Villager (Male) |
| 0:41 | Create | Villager (Male) |
| 0:41 | Create | Villager (Male) |
| 0:42 | Research | Loom |
| 1:25 | Build | House |
| 1:26 | Build | House |
| 2:39 | Build | Lumber Camp |
| 2:44 | Create | Villager (Male) |
| 2:44 | Create | Villager (Male) |
| 4:15 | Create | Villager (Male) |
| 4:15 | Create | Villager (Male) |
| 4:15 | Create | Villager (Male) |
| 4:15 | Create | Villager (Male) |
| 5:41 | Create | Villager (Male) |
| 5:41 | Create | Villager (Male) |
| 5:41 | Create | Villager (Male) |
| 6:09 | Create | Villager (Male) |
| 6:20 | Build | Mill |
| 8:01 | Create | Villager (Male) |
| 8:02 | Create | Villager (Male) |
| 8:02 | Create | Villager (Male) |
| 8:03 | Create | Villager (Male) |
| 8:44 | Build | Mining Camp |
| 10:18 | Research | Feudal Age |
| 11:43 | Create | Villager (Male) |
| 11:43 | Create | Villager (Male) |
| 11:43 | Create | Villager (Male) |
| 12:25 | Create | Villager (Male) |
| 12:27 | Create | Villager (Male) |
| 12:28 | Age | Feudal Age |
| 13:00 | Build | House |
| 13:03 | Build | House |
| 13:04 | Build | House |
| 13:06 | Build | House |
| 13:30 | Build | Stone Wall |
| 13:35 | Build | Gate |
| 13:40 | Build | Stone Wall |
| 13:57 | Build | Market |
| 14:01 | Build | Blacksmith |
| 14:18 | Research | Double-Bit Axe |
| 14:34 | Build | Farm |
| 14:38 | Build | Farm |
| 14:41 | Build | Farm |
| 14:45 | Build | Farm |
| 14:53 | Build | Barracks |
| 15:04 | Create | Villager (Male) |
| 15:05 | Create | Villager (Male) |
| 15:05 | Create | Villager (Male) |
| 15:14 | Build | House |
| 15:16 | Build | House |
| 15:18 | Build | House |
| 16:28 | Create | Spearman |
| 16:28 | Create | Spearman |
| 16:34 | Create | Spearman |
| 17:31 | Build | Mill |
| 17:55 | Research | Castle Age |
| 18:07 | Build | Stone Wall |
| 18:13 | Build | Gate |
| 18:20 | Build | Stone Wall |
| 18:29 | Build | House |
| 18:32 | Build | House |
| 18:34 | Build | House |
| 18:37 | Create | Trade Cart |
| 19:11 | Build | Stone Wall |
| 19:20 | Build | Stone Wall |
| 19:26 | Build | Gate |
| 19:32 | Build | Stone Wall |
| 20:35 | Age | Castle Age |
| 20:41 | Build | University |
| 20:53 | Build | Stone Wall |
| 20:59 | Build | Gate |
| 21:06 | Build | Stone Wall |
| 21:25 | Create | Villager (Male) |
| 21:26 | Create | Villager (Male) |
| 21:26 | Create | Villager (Male) |
| 21:35 | Build | Town Center |
| 22:08 | Build | Archery Range |
| 22:33 | Build | Town Center |
| 23:32 | Build | Farm |
| 24:32 | Create | Villager (Male) |
| 24:33 | Create | Villager (Male) |
| 24:33 | Create | Villager (Male) |
| 24:33 | Create | Villager (Male) |
| 24:34 | Create | Villager (Male) |
| 24:34 | Create | Villager (Male) |
| 24:35 | Create | Villager (Male) |
| 24:35 | Create | Villager (Male) |
| 24:37 | Create | Villager (Male) |
| 24:40 | Create | Villager (Male) |
| 24:40 | Create | Villager (Male) |
| 24:41 | Create | Villager (Male) |
| 25:28 | Build | Farm |
| 25:30 | Build | Farm |
| 25:32 | Build | Farm |
| 25:34 | Build | Farm |
| 25:36 | Build | Farm |
| 25:38 | Build | Farm |
| 25:49 | Research | Fortified Wall (upgrade) |
| 25:50 | Research | Masonry |
| 26:00 | Build | Farm |
| 26:02 | Build | Farm |
| 26:04 | Build | Farm |
| 26:25 | Research | Bow Saw |
| 26:31 | Create | Villager (Male) |
| 26:32 | Create | Villager (Male) |
| 26:32 | Create | Villager (Male) |
| 26:32 | Create | Villager (Male) |
| 26:33 | Create | Villager (Male) |
| 26:53 | Build | Archery Range |
| 27:19 | Create | Villager (Male) |
| 27:20 | Create | Villager (Male) |
| 27:20 | Create | Villager (Male) |
| 27:21 | Create | Villager (Male) |
| 27:58 | Build | House |
| 27:59 | Build | House |
| 28:01 | Build | House |
| 28:12 | Create | Elephant Archer |
| 28:13 | Create | Elephant Archer |
| 28:13 | Create | Elephant Archer |
| 28:13 | Create | Elephant Archer |
| 28:31 | Create | Villager (Male) |
| 28:31 | Create | Villager (Male) |
| 28:31 | Create | Villager (Male) |
| 28:32 | Create | Villager (Male) |
| 28:49 | Create | Villager (Male) |
| 28:50 | Create | Villager (Male) |
| 29:01 | Build | Farm |
| 29:07 | Build | Farm |
| 29:11 | Build | Farm |
| 29:27 | Build | Archery Range |
| 29:32 | Build | Archery Range |
| 29:43 | Create | Villager (Male) |
| 29:43 | Create | Villager (Male) |
| 29:44 | Create | Villager (Male) |
| 29:44 | Create | Villager (Male) |
| 29:44 | Create | Villager (Male) |
| 29:44 | Create | Villager (Male) |
| 29:45 | Create | Villager (Male) |
| 30:14 | Build | Farm |
| 30:17 | Build | Farm |
| 30:21 | Build | Farm |
| 30:59 | Build | Castle |
| 31:07 | Build | Farm |
| 31:09 | Build | Farm |
| 31:09 | Build | Farm |
| 31:11 | Build | Farm |
Build order — Vib
First 150 of 284 actions detected
| 0:15 | Build | House |
| 0:18 | Create | Villager (Male) |
| 0:19 | Create | Villager (Male) |
| 0:19 | Create | Villager (Male) |
| 0:19 | Create | Villager (Male) |
| 0:19 | Create | Villager (Male) |
| 0:20 | Create | Villager (Male) |
| 0:44 | Build | House |
| 1:13 | Build | Mill |
| 1:51 | Create | Villager (Male) |
| 2:16 | Build | Farm |
| 2:24 | Create | Villager (Male) |
| 2:58 | Create | Villager (Male) |
| 3:30 | Build | Farm |
| 3:32 | Create | Villager (Male) |
| 3:58 | Create | Villager (Male) |
| 4:05 | Build | Farm |
| 4:17 | Create | Villager (Male) |
| 4:18 | Research | Loom |
| 4:54 | Build | House |
| 5:24 | Create | Villager (Male) |
| 5:29 | Build | Farm |
| 6:14 | Create | Villager (Male) |
| 6:30 | Build | Farm |
| 6:39 | Create | Villager (Male) |
| 7:07 | Create | Villager (Male) |
| 7:38 | Create | Villager (Male) |
| 7:59 | Build | Lumber Camp |
| 8:08 | Create | Villager (Male) |
| 8:42 | Research | Feudal Age |
| 8:56 | Build | House |
| 9:15 | Build | Farm |
| 9:41 | Build | House |
| 10:13 | Build | Mining Camp |
| 10:39 | Build | House |
| 10:45 | Create | Villager (Male) |
| 10:52 | Age | Feudal Age |
| 10:52 | Create | Villager (Male) |
| 11:24 | Create | Villager (Male) |
| 11:25 | Create | Villager (Male) |
| 11:40 | Build | Farm |
| 11:46 | Create | Villager (Male) |
| 12:05 | Research | Horse Collar |
| 12:16 | Create | Villager (Male) |
| 12:27 | Build | Farm |
| 12:34 | Create | Villager (Male) |
| 13:26 | Create | Villager (Male) |
| 13:53 | Build | Mining Camp |
| 13:58 | Create | Villager (Male) |
| 13:58 | Create | Villager (Male) |
| 14:54 | Build | Barracks |
| 15:17 | Create | Villager (Male) |
| 15:33 | Create | Villager (Male) |
| 15:44 | Research | Double-Bit Axe |
| 16:00 | Research | Man-at-Arms (upgrade) |
| 16:06 | Build | Blacksmith |
| 16:15 | Create | Villager (Male) |
| 16:31 | Build | Market |
| 16:37 | Create | Villager (Male) |
| 16:45 | Build | House |
| 16:48 | Build | House |
| 17:00 | Build | Farm |
| 17:44 | Research | Castle Age |
| 17:50 | Build | Barracks |
| 17:54 | Research | Scale Mail Armor |
| 18:08 | Build | Barracks |
| 19:03 | Create | Militia |
| 19:03 | Create | Militia |
| 19:03 | Create | Militia |
| 19:05 | Create | Militia |
| 19:06 | Create | Militia |
| 19:38 | Research | Gold Mining |
| 19:49 | Create | Militia |
| 20:17 | Build | Stone Wall |
| 20:24 | Age | Castle Age |
| 20:29 | Create | Villager (Male) |
| 20:29 | Create | Villager (Male) |
| 20:40 | Build | Town Center |
| 21:00 | Research | Bow Saw |
| 21:09 | Build | Farm |
| 21:30 | Build | House |
| 21:34 | Build | House |
| 21:49 | Build | Monastery |
| 21:54 | Research | Stone Mining |
| 22:05 | Create | Militia |
| 22:09 | Research | Long Swordsman (upgrade) |
| 22:23 | Create | Villager (Male) |
| 22:24 | Create | Villager (Male) |
| 22:46 | Create | Monk |
| 23:29 | Create | Militia |
| 23:29 | Create | Militia |
| 23:37 | Build | Farm |
| 23:59 | Build | Farm |
| 24:10 | Build | Castle |
| 24:42 | Create | Militia |
| 24:55 | Build | University |
| 25:03 | Build | Farm |
| 25:05 | Create | Villager (Male) |
| 25:06 | Create | Villager (Male) |
| 25:06 | Create | Villager (Male) |
| 25:06 | Create | Villager (Male) |
| 25:12 | Create | Villager (Male) |
| 25:13 | Create | Villager (Male) |
| 25:13 | Create | Villager (Male) |
| 25:13 | Create | Villager (Male) |
| 25:13 | Create | Villager (Male) |
| 25:52 | Build | Farm |
| 26:01 | Build | Farm |
| 26:08 | Create | Villager (Male) |
| 26:08 | Create | Villager (Male) |
| 26:18 | Build | House |
| 26:22 | Build | House |
| 26:35 | Build | Mining Camp |
| 26:58 | Build | Town Center |
| 27:10 | Build | Farm |
| 27:20 | Create | Militia |
| 27:20 | Create | Militia |
| 27:34 | Build | Farm |
| 27:52 | Build | Stone Wall |
| 28:08 | Create | Villager (Male) |
| 28:46 | Build | Farm |
| 29:05 | Research | Heavy Plow |
| 29:15 | Build | Farm |
| 29:28 | Build | Siege Workshop |
| 29:51 | Create | Villager (Male) |
| 29:59 | Create | Villager (Male) |
| 30:32 | Build | Stone Wall |
| 30:41 | Build | Gate |
| 30:48 | Research | Imperial Age |
| 30:53 | Research | Wheelbarrow |
| 31:01 | Create | Militia |
| 31:01 | Create | Militia |
| 31:38 | Build | Farm |
| 31:49 | Create | Woad Raider |
| 31:49 | Create | Woad Raider |
| 33:07 | Research | Pikeman (upgrade) |
| 33:31 | Build | Siege Workshop |
| 33:38 | Create | Monk |
| 33:51 | Research | Stronghold |
| 33:58 | Age | Imperial Age |
| 34:02 | Build | Castle |
| 34:07 | Research | Halberdier (upgrade) |
| 34:09 | Create | Spearman |
| 34:09 | Create | Spearman |
| 34:09 | Create | Spearman |
| 34:09 | Create | Spearman |
| 34:10 | Create | Spearman |
| 34:10 | Create | Spearman |
| 34:10 | Create | Spearman |
| 34:10 | Create | Spearman |
Match timeline
| 4:39 | GRaFa · wall_segment Palisade Wall x8 |
| 4:45 | GRaFa · wall_segment Palisade Wall x9 |
| 4:47 | GRaFa · wall_segment Palisade Wall x4 |
| 8:08 | GRaFa · first_building Barracks |
| 8:33 | ~Giulia~ · first_building Barracks |
| 9:38 | GRaFa · wall_segment Palisade Wall x14 |
| 10:21 | ~Giulia~ · age_up feudal |
| 10:30 | iKalakamalaka · first_building Barracks |
| 10:52 | Vib · age_up feudal |
| 10:58 | zahariev.pavel · first_building Barracks |
| 11:46 | zahariev.pavel · age_up feudal |
| 11:49 | GRaFa · age_up feudal |
| 11:52 | Lukrat · age_up feudal |
| 12:01 | Colin · age_up feudal |
| 12:10 | ~Giulia~ · first_building Archery Range |
| 12:12 | Lukrat · wall_segment Stone Wall x11 |
| 12:28 | svetoslavivanov1 · age_up feudal |
| 12:31 | iKalakamalaka · age_up feudal |
| 12:58 | zahariev.pavel · wall_segment Stone Wall x8 |
| 13:30 | svetoslavivanov1 · wall_segment Stone Wall x2 |
| 13:40 | svetoslavivanov1 · wall_segment Stone Wall x4 |
| 14:13 | Colin · first_building Barracks |
| 14:25 | Lukrat · wall_segment Stone Wall x16 |
| 14:27 | Colin · wall_segment Stone Wall x1 |
| 14:53 | svetoslavivanov1 · first_building Barracks |
| 14:54 | Vib · first_building Barracks |
| 15:40 | GRaFa · first_building Archery Range |
| 15:41 | zahariev.pavel · wall_segment Stone Wall x10 |
| 15:44 | GRaFa · first_building Stable |
| 16:07 | iKalakamalaka · first_building Stable |
| 16:26 | GRaFa · first_market_sell 100 wood |
| 17:04 | ~Giulia~ · age_up castle |
| 18:07 | svetoslavivanov1 · wall_segment Stone Wall x3 |
| 18:20 | svetoslavivanov1 · wall_segment Stone Wall x4 |
| 18:52 | GRaFa · wall_segment Stone Wall x3 |
| 19:11 | svetoslavivanov1 · wall_segment Stone Wall x5 |
| 19:14 | zahariev.pavel · wall_segment Stone Wall x8 |
| 19:15 | GRaFa · age_up castle |
| 19:20 | svetoslavivanov1 · wall_segment Stone Wall x5 |
| 19:32 | svetoslavivanov1 · wall_segment Stone Wall x4 |
| 19:45 | zahariev.pavel · first_building Stable |
| 20:08 | Lukrat · first_building Barracks |
| 20:17 | Vib · wall_segment Stone Wall x18 |
| 20:24 | Vib · age_up castle |
| 20:35 | svetoslavivanov1 · age_up castle |
| 20:53 | svetoslavivanov1 · wall_segment Stone Wall x3 |
| 20:55 | GRaFa · wall_segment Stone Wall x10 |
| 21:06 | svetoslavivanov1 · wall_segment Stone Wall x2 |
| 21:49 | Vib · first_building Monastery |
| 22:08 | svetoslavivanov1 · first_building Archery Range |
| 23:00 | ~Giulia~ · first_building Monastery |
| 23:46 | zahariev.pavel · age_up castle |
| 24:10 | Lukrat · first_building Archery Range |
| 24:10 | Vib · first_building Castle |
| 24:27 | GRaFa · first_market_buy 100 wood |
| 25:06 | GRaFa · first_building Castle |
| 27:11 | Colin · age_up castle |
| 27:28 | ~Giulia~ · first_building Siege Workshop |
| 27:35 | iKalakamalaka · age_up castle |
| 27:47 | zahariev.pavel · first_building Castle |
| 27:52 | Vib · wall_segment Stone Wall x7 |
| 27:53 | GRaFa · wall_segment Stone Wall x6 |
| 28:32 | GRaFa · wall_segment Stone Wall x3 |
| 28:34 | Vib · first_market_buy 100 food |
| 28:54 | iKalakamalaka · first_building Siege Workshop |
| 29:01 | Colin · first_building Castle |
| 29:17 | Lukrat · first_building Stable |
| 29:28 | Vib · first_building Siege Workshop |
| 29:32 | Lukrat · age_up castle |
| 29:43 | zahariev.pavel · tribute_sent a jugador 1 |
| 29:43 | zahariev.pavel · tribute_sent a jugador 3 |
| 29:43 | zahariev.pavel · tribute_sent a jugador 4 |
| 29:43 | zahariev.pavel · tribute_sent a jugador 5 |
| 29:43 | zahariev.pavel · tribute_sent a jugador 6 |
| 29:43 | zahariev.pavel · tribute_sent a jugador 7 |
| 29:43 | zahariev.pavel · tribute_sent a jugador 8 |
| 30:26 | iKalakamalaka · first_market_sell 500 wood |
| 30:32 | Vib · wall_segment Stone Wall x6 |
| 30:37 | iKalakamalaka · first_market_buy 100 food |
| 30:59 | svetoslavivanov1 · first_building Castle |
| 31:29 | iKalakamalaka · first_building Monastery |
| 32:40 | Colin · first_building Siege Workshop |
| 32:58 | GRaFa · age_up imperial |
| 33:14 | Colin · first_building Monastery |
| 33:29 | iKalakamalaka · wall_segment Stone Wall x5 |
| 33:29 | ~Giulia~ · first_building Castle |
| 33:34 | iKalakamalaka · wall_segment Stone Wall x9 |
| 33:39 | Lukrat · first_building Castle |
| 33:53 | iKalakamalaka · wall_segment Stone Wall x4 |
| 33:58 | Vib · age_up imperial |
| 34:41 | ~Giulia~ · age_up imperial |
| 35:01 | ~Giulia~ · first_building Dock |
| 35:13 | Lukrat · first_market_buy 100 wood |
| 35:29 | ~Giulia~ · wall_segment Stone Wall x11 |
| 35:48 | zahariev.pavel · age_up imperial |
| 36:11 | ~Giulia~ · wall_segment Stone Wall x15 |
| 36:16 | ~Giulia~ · wall_segment Stone Wall x2 |
| 36:29 | GRaFa · tribute_sent a jugador 1 |
| 36:29 | GRaFa · tribute_sent a jugador 2 |
| 36:29 | GRaFa · tribute_sent a jugador 3 |
| 36:29 | GRaFa · tribute_sent a jugador 5 |
| 36:29 | GRaFa · tribute_sent a jugador 6 |
| 36:29 | GRaFa · tribute_sent a jugador 7 |
| 36:29 | GRaFa · tribute_sent a jugador 8 |
| 37:33 | iKalakamalaka · first_building Castle |
| 38:31 | Lukrat · wall_segment Stone Wall x6 |
| 39:01 | GRaFa · first_building Siege Workshop |
| 39:29 | iKalakamalaka · age_up imperial |
| 39:29 | Lukrat · age_up imperial |
| 40:08 | ~Giulia~ · wall_segment Stone Wall x12 |
| 40:09 | svetoslavivanov1 · age_up imperial |
| 42:01 | Colin · age_up imperial |
| 43:00 | ~Giulia~ · wall_segment Stone Wall x7 |
| 43:05 | Lukrat · first_market_sell 100 stone |
| 45:16 | iKalakamalaka · wall_segment Stone Wall x4 |
| 45:21 | iKalakamalaka · wall_segment Stone Wall x5 |
| 49:23 | iKalakamalaka · first_building Dock |
| 51:17 | iKalakamalaka · wall_segment Stone Wall x7 |
| 54:10 | Lukrat · wall_segment Stone Wall x19 |
| 55:24 | svetoslavivanov1 · first_market_sell 100 food |
| 58:46 | GRaFa · tribute_sent a jugador 1 |
| 58:46 | GRaFa · tribute_sent a jugador 2 |
| 58:46 | GRaFa · tribute_sent a jugador 3 |
| 58:46 | GRaFa · tribute_sent a jugador 5 |
| 58:46 | GRaFa · tribute_sent a jugador 6 |
| 58:46 | GRaFa · tribute_sent a jugador 7 |
| 58:46 | GRaFa · tribute_sent a jugador 8 |
| 59:16 | ~Giulia~ · first_market_buy 100 stone |
| 59:24 | Colin · resign |
| 59:29 | iKalakamalaka · wall_segment Stone Wall x1 |
| 59:36 | iKalakamalaka · wall_segment Stone Wall x1 |
| 59:42 | iKalakamalaka · wall_segment Stone Wall x1 |
[ AI ANALYSIS · 1 CREDIT ]
What really happened in this match?
Wolo.gg analyzes every decision: build order, eco, micro, common mistakes by bracket. Personalized analysis on WhatsApp or Discord in 30 seconds.
Civ guide
Byzantines
Map guide
MegaRandom
Perfil
Lukrat